 Dungeon Crawl Stone Soup version 0.17.2-1-ge4368a0 (webtiles) character file.

1278 Monsterracer the Skirmisher (level 8, -6/65 HPs)
             Began as a Mummy Chaos Knight on Aug 8, 2017.
             Mangled by a yaktaur captain (14 damage)
             ... on level 1 of the Dungeon.
             The game lasted 00:15:41 (21415 turns).

Monsterracer the Skirmisher (Mummy Chaos Knight)   Turns: 21415, Time: 00:15:41

Health: -6/65      AC: 13    Str: 21    XL:     8   Next: 29%
Magic:  0/17       EV: 13    Int: 12    God:    Xom [....*.]
Gold:   240        SH:  0    Dex: 14    Spells: 1 memorised, 6 levels left

rFire  . . .     SeeInvis .     a - +5 dagger of Unlisos {chaos, rPois rF+ MP+9 Str+4}
rCold  + . .     Clarity  .     h - +2 leather armour
rNeg   + + +     SustAt   .     (no shield)
rPois  ∞         Gourm    .     j - +1 helmet
rElec  .         Spirit   +     (no cloak)
rCorr  .         Warding  .     k - +2 pair of gloves {Dex+3}
rMut   .         Stasis   .     i - +1 pair of boots {Fly}
MR     +....                    e - amulet of guardian spirit
Stlth  +.........               (no ring)
                                (no ring)

@: flying, somewhat resistant to hostile enchantments, very unstealthy
A: no food or potions, fire vulnerability, cold resistance 1, negative energy
resistance 3, torment resistance, unbreathing
a: Renounce Religion, Stop Flying


You were on level 1 of the Dungeon.
You worshipped Xom.
You were a beloved toy of Xom.
You were not hungry.

You visited 1 branch of the dungeon, and saw 4 of its levels.

You collected 240 gold pieces.

Inventory:

Hand Weapons
 a - the +5 dagger of Unlisos (weapon) {chaos, rPois rF+ MP+9 Str+4}
   (Xom gifted it to you on level 1 of the Dungeon)

   Each time it hits an enemy it has a different, random effect.
   It affects your strength (+4).
   It protects you from fire.
   It protects you from poison.
   It affects your magic capacity (+9).
 b - a +1 flail of protection
 c - the +7 hand crossbow of Etwetuam {penet, rF+ Dex+2 Stlth-}
   (Xom gifted it to you on level 2 of the Dungeon)

   Ammo fired by it will pass through the targets it hits, potentially hitting
   all targets in its path until it reaches maximum range.
   It affects your dexterity (+2).
   It protects you from fire.
   It makes you less stealthy.
 o - a +0 morningstar of pain
Missiles
 n - 2 throwing nets (quivered)
Armour
 h - a +2 leather armour (worn)
 i - a +1 pair of boots of flying (worn)
 j - a +1 helmet (worn)
 k - a +2 pair of gloves of dexterity (worn)
Rods
 m - a +1 rod of the swarm (4/14)
   (You found it on level 3 of the Dungeon)
Jewellery
 e - an amulet of guardian spirit (around neck)
 f - an uncursed amulet of resist mutation
Scrolls
 d - a scroll of enchant weapon
 g - 2 scrolls of identify
 q - a scroll of teleportation
Books
 l - a book of Debilitation

   Spells                             Type                      Level
   a - Corona                         Hexes                        1
   b - Slow                           Hexes                        2
   c - Gell's Gravitas                Hexes/Translocation          3
   d - Inner Flame                    Hexes/Fire                   3
   e - Cause Fear                     Hexes                        4
   f - Leda's Liquefaction            Hexes/Earth                  4
 p - a book of Power

   Spells                             Type                      Level
   a - Fulminant Prism                Conjuration/Hexes            4
   b - Iskenderun's Mystic Blast      Conjuration                  4
   c - Venom Bolt                     Conjuration/Poison           5
   d - Bolt of Magma                  Conjuration/Fire/Earth       5
   e - Iron Shot                      Conjuration/Earth            6
   f - Orb of Destruction             Conjuration                  7
   g - Spellforged Servitor           Conjuration/Summoning        7


   Skills:
 * Level 6.6 Fighting
 * Level 5.4 Maces & Flails
 + Level 3.7 Armour
 + Level 3.1 Dodging


You had 6 spell levels left.
You knew the following spells:

 Your Spells              Type           Power        Failure   Level  Hunger
a - Apportation           Tloc           #.........   38%         1    N/A

Dungeon Overview and Level Annotations

Branches:
Dungeon (4/15)
 Temple: D:4-7

Altars:
Xom


Innate Abilities, Weirdness & Mutations

You do not eat or drink.
Your flesh is vulnerable to fire.
You are immune to poison.
Your flesh is cold resistant.
You are immune to negative energy.
You are immune to unholy pain and torment.
You can survive without breathing.


Message History

Your killer bee poisons the yaktaur captain!
Your killer bee stings the yaktaur captain.
Your killer bee poisons the yaktaur captain!
The yaktaur captain unwields an uncursed arbalest.
The yaktaur captain misses you.
You see here 2 bolts of flame.
You can't drink.
Unknown command.
You hit the yaktaur captain but do no damage.
The yaktaur captain is severely wounded.
Your killer bee barely misses the yaktaur captain.
The goblin completely misses you.
Your killer bee stings the yaktaur captain!
Your killer bee poisons the yaktaur captain!
You hit the yaktaur captain but do no damage.
The yaktaur captain is almost dead.
Your killer bee stings the yaktaur captain.
The yaktaur captain hits you!
* * * LOW MAGIC WARNING * * *
You die...

#.#(....# ####.# ########
#.#.###.# #....# #.......
####.#'#.#.# #....# #.......
...........# #s...# #.......
...........# #....# #.......
...........# #....# ####.......
...........# #....####..........
...........# #(c..#.........#...
...........####y@..#.........#...
................g..(.........#...
.....................(.......#...
####'#.#.#..........###'########.
+....#.#.#..........# #.# ###....
######.#.#..........# #.# #......
....................# #.# #......
###....#....).......# #.# #......
###....#............# #.###....#.


You could see a yaktaur captain, a goblin, a friendly spider (confused) and a
friendly killer bee.

Vanquished Creatures
  An ogre mage (D:2)
  A two-headed ogre (D:1)
  A harpy simulacrum (D:2)
  An ogre (D:1)
  An orc wizard (D:3)
  Robin (D:2)
  5 gnolls (D:2)
  5 adders (D:2)
  4 worms
  5 giant geckos
  6 orcs
  3 ball pythons (D:2)
  7 giant cockroaches
  17 goblins
  11 hobgoblins
  3 jackals (D:1)
  10 kobolds
  A quokka (D:3)
  6 bats
  6 giant newts
  10 rats
105 creatures vanquished.

Vanquished Creatures (collateral kills)
  2 ogres (D:1)
2 creatures vanquished.

Grand Total: 107 creatures vanquished

Notes
Turn   | Place    | Note
--------------------------------------------------------------
     0 | D:1      | Monsterracer the Mummy Chaos Knight began the quest for the Orb.
     0 | D:1      | Reached XP level 1. HP: 18/18 MP: 1/1
   112 | D:1      | XOM: divination: magic mapping
   161 | D:1      | XOM: divination: detect items
   343 | D:1      | XOM: harmless Tloc miscast
   454 | D:1      | Reached skill level 1 in Dodging
   455 | D:1      | Reached XP level 2. HP: 18/24 MP: 2/2
   486 | D:1      | XOM: harmless Erth miscast
  1386 | D:1      | XOM is BORED!
  1386 | D:1      | XOM: mild Ice miscast
  2289 | D:1      | XOM: harmless Air miscast
  2458 | D:1      | HP: 10/24 [worm (6)]
  2479 | D:1      | XOM: noise
  2485 | D:1      | HP: 10/24 [worm (2)]
  2648 | D:2      | XOM: colour smoke trail
  2960 | D:2      | HP: 11/24 [adder (3)]
  2961 | D:2      | HP: 4/24 [adder (7)]
  2963 | D:2      | Reached XP level 3. HP: 6/29 MP: 0/3
  3018 | D:2      | HP: 7/29 [rat (1)]
  3138 | D:2      | XOM: silly message
  4842 | D:1      | XOM: harmless Trmt miscast
  5000 | D:1      | Noticed a cyclops
  5146 | D:1      | XOM: medium Erth miscast
  5329 | D:2      | HP: 6/30 [worm (15)]
  5336 | D:2      | XOM: enchant monster (bad)
  5404 | D:1      | XOM: scenery: create altars
  5592 | D:2      | HP: 15/30 [adder (1)]
  5598 | D:2      | HP: 9/30 [worm (3)]
  5674 | D:1      | XOM: medium Ice miscast
  5674 | D:1      | HP: 11/30 [something (5)]
  5740 | D:1      | XOM: god gift: twisted dagger {god gift}
  5741 | D:1      | Got a twisted dagger {god gift}
  5742 | D:1      | Identified the +5 dagger of Unlisos {chaos, rPois rF+ MP+9 Str+4} (Xom gifted it to you on level 1 of the Dungeon)
  5875 | D:2      | XOM is BORED!
  5875 | D:2      | XOM: mild Summ miscast
  7549 | D:1      | XOM: god gift: pair of glowing gloves {god gift}
  7680 | D:1      | XOM: vitrification
  7696 | D:1      | XOM is BORED!
  7696 | D:1      | XOM: medium Erth miscast
  7744 | D:1      | XOM: harmless Ice miscast
  7905 | D:1      | XOM: colour smoke trail
  7909 | D:1      | Noticed an ogre
  7909 | D:1      | Noticed an ogre mage
  7910 | D:1      | Noticed an ogre
  7910 | D:1      | Noticed an ogre
  7911 | D:1      | Noticed a two-headed ogre
  7917 | D:2      | XOM: mild Fire miscast
  7924 | D:2      | Killed an ogre mage
  7924 | D:2      | Reached skill level 5 in Fighting
  7924 | D:2      | Reached XP level 4. HP: 29/40 MP: 4/4
  7924 | D:2      | Reached XP level 5. HP: 33/46 MP: 5/5
  7924 | D:2      | Reached XP level 6. HP: 37/52 MP: 6/6
  7924 | D:2      | Reached XP level 7. HP: 40/57 MP: 7/7
  7976 | D:2      | XOM: mild Trmt miscast
  8055 | D:1      | HP: 27/57 [cyclops/large rock (7)]
  8426 | D:2      | XOM: enchant monster (bad)
  8437 | D:2      | HP: 27/57 [gnoll/flail of holy wrath (5)]
  8443 | D:2      | HP: 25/57 [gnoll/spear (2)]
  8448 | D:2      | XOM: confusion
  8469 | D:2      | HP: 24/57 [gnoll/club (2)]
  8764 | D:2      | Noticed Robin
  8777 | D:2      | Killed Robin
  8925 | D:1      | XOM: summons friendly white imp
  8934 | D:1      | XOM: summons 7 friendly demons
  8938 | D:1      | Killed an ogre
  8938 | D:1      | Reached skill level 6 in Fighting
  8943 | D:1      | Killed an ogre
  8943 | D:1      | Reached skill level 5 in Maces & Flails
  8951 | D:1      | Killed an ogre
  8955 | D:1      | Killed a two-headed ogre
  8955 | D:1      | Reached XP level 8. HP: 44/65 MP: 8/8
  9470 | D:2      | XOM: vitrification
  9637 | D:2      | XOM: god gift: runed morningstar {god gift}
 10688 | D:2      | XOM: god gift: 6 stones
 10812 | D:2      | XOM: god gift: leather armour {god gift}
 11795 | D:2      | XOM: god gift: pair of glowing boots {god gift}
 12357 | D:2      | XOM: god gift: slimy hand crossbow {god gift}
 12358 | D:2      | Got a slimy hand crossbow {god gift}
 12359 | D:2      | Identified the +7 hand crossbow of Etwetuam {penet, rF+ Dex+2 Stlth-} (Xom gifted it to you on level 2 of the Dungeon)
 13223 | D:2      | XOM: vitrification
 13229 | D:2      | XOM: mild Air miscast
 13510 | D:2      | XOM: mild Fire miscast
 13516 | D:2      | XOM: silly message
 13778 | D:2      | XOM: harmless Trmt miscast
 14153 | D:2      | XOM is BORED!
 14153 | D:2      | XOM: medium Fire miscast
 14233 | D:2      | XOM: colour smoke trail
 14525 | D:2      | XOM: colour smoke trail
 14832 | D:2      | XOM: harmless Pois miscast
 15566 | D:2      | XOM: harmless Pois miscast
 15782 | D:2      | XOM: harmless Air miscast
 16311 | D:2      | XOM: colour smoke trail
 16487 | D:2      | XOM: harmless Conj miscast
 16616 | D:2      | XOM: silly message
 16748 | D:2      | XOM is BORED!
 16748 | D:2      | XOM: mild Fire miscast
 16871 | D:2      | XOM: enchant monster (good)
 17583 | D:2      | XOM: god gift: papyrus book {god gift}
 17714 | D:2      | XOM: god gift: 3 needles of slowing
 18373 | D:2      | XOM: 1-stop teleportation journey
 18433 | D:3      | Identified a +1 rod of the swarm (14/14) (You found it on level 3 of the Dungeon)
 18528 | D:2      | XOM: god gift: 54 gold pieces
 18537 | D:2      | XOM: god gift: oblong leatherbound book {god gift}
 18735 | D:2      | Learned a level 1 spell: Apportation
 18780 | D:2      | XOM: divination: detect creatures
 18985 | D:2      | XOM: 3-stop teleportation journey
 19109 | D:2      | XOM: god gift: chain mail {god gift}
 19424 | D:2      | XOM: scenery: create altars
 19704 | D:2      | XOM is BORED!
 19704 | D:2      | XOM: mild Fire miscast
 20034 | D:2      | XOM: 3-stop teleportation journey
 20071 | D:2      | XOM: god gift: 2 throwing nets
 20285 | D:2      | Noticed a hill giant
 20294 | D:2      | XOM: god gift: oblong leatherbound book {god gift}
 20610 | D:2      | Noticed a storm dragon
 20869 | D:2      | XOM: divination: detect creatures
 21389 | D:2      | XOM: 3-stop teleportation journey
 21399 | D:2      | XOM: summons friendly crimson imp
 21401 | D:1      | Noticed a yaktaur captain
 21406 | D:1      | HP: 23/65 [yaktaur captain (13)]
 21408 | D:1      | XOM: swap monsters
 21412 | D:1      | HP: 11/65 [yaktaur captain/bolt of flame (13)]
 21415 | D:1      | Mangled by a yaktaur captain

Action                   |  1- 3 |  4- 6 |  7- 9 || total
-------------------------+-------+-------+-------++-------
Melee: Mace              |   107 |       |       ||   107
       Whip              |    28 |       |     6 ||    34
       Dagger            |    14 |       |   139 ||   153
       Morningstar       |       |       |    31 ||    31
       Flail             |       |       |     2 ||     2
Throw: Throwing net      |       |       |     1 ||     1
Evoke: Rod               |       |       |     2 ||     2
  Use: Scroll            |     6 |       |     2 ||     8
 Stab: Confused          |     2 |       |       ||     2
       Distracted        |       |       |     1 ||     1
       Paralysed         |       |       |     1 ||     1
       Sleeping          |       |       |     1 ||     1
